 Dungeon Crawl Stone Soup version 0.23.2-1-ga50397a (webtiles) character file.

Game seed: 6042272436441979172

32158 Fang the Fighter (level 13, -2/130 HPs)
             Began as a Gargoyle Berserker on May 30, 2019.
             Was the Champion of Trog.
             Slain by a spiny frog (8 damage)
             ... on level 5 of the Lair of Beasts on May 31, 2019.
             The game lasted 00:18:11 (13422 turns).

Fang the Fighter (Gargoyle Berserker)              Turns: 13422, Time: 00:18:12

Health: -2/130     AC: 12    Str: 30    XL:     13   Next: 62%
Magic:  0/13       EV: 12    Int:  9    God:    Trog [******]
Gold:   900        SH:  0    Dex:  9    Spells: 12/12 levels left

rFire    + . .     SeeInvis .   K - +3 battleaxe of Faokh {holy, rPois rC+}
rCold    + + .     Gourm    .   (shield currently unavailable)
rNeg     + . .     Faith    .   b - +4 plate armour
rPois    ∞         Spirit   +   q - +2 helmet
rElec    +         Reflect  .   f - scarf {Spirit}
rCorr    .         Harm     .   (no gloves)
MR       ++...                  (no boots)
Stlth    ..........             J - amulet of regeneration
HPRegen  1.71/turn              p - ring of protection from fire
MPRegen  0.13/turn              I - ring of protection from cold

@: berserking (expiring), corroded, regenerating, very quick
A: negative energy resistance 1, electricity resistance, unbreathing,
petrification resistance, rot immunity, AC +9
a: Berserk, Trog's Hand, Brothers in Arms, Renounce Religion


You were on level 5 of the Lair of Beasts.
You worshipped Trog.
Trog was exalted by your worship.
You were near starving.

You visited 3 branches of the dungeon, and saw 17 of its levels.

You collected 900 gold pieces.

Inventory:

Hand Weapons
 y - a +4 broad axe of venom
 F - a +2 hand axe of flaming
 H - a +2 war axe of draining
 K - the +3 battleaxe of Faokh (weapon) {holy, rPois rC+}
   (Trog gifted it to you on level 5 of the Lair of Beasts)

   It has been blessed by the Shining One to cause great damage to the undead
   and demons.
   It protects you from cold.
   It protects you from poison.
 N - a +1 antimagic executioner's axe
Armour
 b - a +4 plate armour (worn)
 f - a scarf of spirit shield (worn)
 q - a +2 helmet (worn)
Jewellery
 e - a +5 ring of strength
 p - a ring of protection from fire (left hand)
 x - a +3 ring of dexterity
 B - an uncursed ring of protection from magic
 D - an uncursed amulet of guardian spirit
 I - a ring of protection from cold (right hand)
 J - an amulet of regeneration (around neck)
Wands
 g - a wand of paralysis (4)
 r - a wand of acid (5)
 t - a wand of polymorph (21)
 G - a wand of iceblast (24)
 M - a wand of random effects (24)
Scrolls
 d - 2 scrolls of fear
 h - a scroll of fog
 i - 6 scrolls of teleportation
 j - 12 scrolls of remove curse
 k - 5 scrolls of magic mapping
 s - 2 scrolls of blinking
 C - 2 scrolls of identify
Potions
 l - 2 potions of mutation
 m - 3 potions of might
 n - 4 potions of flight
 o - a potion of heal wounds
 u - 4 potions of haste
 v - a potion of agility
 w - 3 potions of curing
 z - 2 potions of degeneration
 A - 2 potions of berserk rage
 E - 2 potions of resistance
 L - a potion of ambrosia
Comestibles
 a - 4 chunks of flesh
 c - 26 rations


   Skills:
 + Level 12.7 Fighting
 + Level 10.9 Axes
 + Level 12.5 Armour
 + Level 10.0 Dodging


You had 12 spell levels left.
You didn't know any spells.
Your spell library was empty.

Dungeon Overview and Level Annotations

Branches:
Dungeon (11/15)            Temple (1/1) D:5            Lair (4/6) D:8
 Shoals (0/4) Lair:2       Spider (0/4) Lair:3
    Orc: D:9-12

Altars:
Okawaru
Ru
Yredelemnul
The Shining One


Innate Abilities, Weirdness & Mutations

You are resistant to torment.
Your stone body is resilient. (AC +9)
You are immune to poison.
You resist negative energy. (rN+)
You are resistant to electric shocks. (rElec)
You can survive without breathing.
You are immune to petrification.
You are immune to rotting.


Message History

The entropy weaver mumbles some strange words.
The entropic weave corrodes you! The spiny frog stings you!
* * * LOW HITPOINT WARNING * * *
You hit the entropy weaver but do no damage.
The entropy weaver is almost dead.
You hit the spiny frog. The entropy weaver hits you.
* * * LOW HITPOINT WARNING * * *
The entropy weaver hits you. The entropy weaver closely misses you.
The entropy weaver hits you but does no damage.
The spiny frog completely misses you.
You slash the entropy weaver!
You feel the power of Trog in you as your rage grows.
You kill the entropy weaver!
Trog accepts your kill.
Trog appreciates your killing of a magic user.
Your Dodging skill increases to level 10!
You slash the spiny frog!
The entropy weaver mumbles some strange words.
The entropic weave corrodes you! The spiny frog stings you!
You die...

...##.#.......
#.#.####.##. ##......
...$. ..... # . .....
.## # .... .... #..##
..... #†#F##a.a# ....
##.#@†a.# ...$.
#.††##a..... .....
##†## ...#.
.....##...# ##.# .
........##.#.##.# .#
...............###.###
.
.............†....$...
......................
......................


You could see an entropy weaver, a spiny frog and 3 worker ants.

Vanquished Creatures
  An entropy weaver (Lair:5)
  An ogre mage (D:10)
  A hydra (Lair:3)
  Erica (D:11)
  A two-headed ogre (D:11)
  A death yak (Lair:5)
  A queen ant (Lair:5)
  Nergalle (D:11)
  Pikel (D:4)
  An ugly thing (D:11)
  An elephant (D:8)
  A black mamba (Lair:3)
  9 spiny frogs
  A komodo dragon (Lair:5)
  The ghost of Fang the Skirmisher, a novice GrBe of Trog (D:4)
  A queen bee (Lair:5)
  3 trolls
  A polar bear (Lair:3)
  2 meliai (Lair:5)
  Prince Ribbit (D:6)
  2 hornets (D:9)
  3 hippogriffs
  4 blink frogs
  4 wyverns
  2 basilisks
  37 yaks
  2 hungry ghosts
  9 water moccasins
  4 soldier ants
  5 porcupines
  8 ice beasts
  7 orc warriors
  2 sky beasts
  5 ogres
  2 black bears
  13 wolves
  12 crocodiles
  2 phantoms
  3 centaurs
  2 big kobolds (D:10)
  6 bullfrogs
  A gnoll sergeant (D:11)
  5 scorpions
  A water moccasin zombie (D:7)
  A water moccasin skeleton (D:7)
  30 killer bees
  5 wights (D:9)
  2 howler monkeys (D:9)
  5 crimson imps
  4 bullfrog skeletons
  A bullfrog zombie (D:7)
  2 jellies
  3 centaur skeletons
  12 orc priests
  Crazy Yiuf (D:3)
  9 hounds
  17 orc wizards
  Jessica (D:2)
  Natasha (thrice) (D:3)
  Terence (D:3)
  2 iguanas
  A hell rat (Lair:5)
  26 worker ants
  A howler monkey zombie (D:9)
  Robin (D:3)
  2 worker ant zombies (D:9)
  11 gnolls
  12 adders
  A howler monkey skeleton (D:8)
  3 shadow imps
  An adder skeleton (D:4)
  2 dart slugs
  4 worms
  6 leopard geckos
  48 orcs
  4 ball pythons
  11 bats
  5 giant cockroaches
  16 goblins
  15 hobgoblins
  2 jackals (D:1)
  5 quokkas
  10 frilled lizards
  15 kobolds
  5 rats
  2 fungi (Lair:5)
  A plant (Lair:5)
481 creatures vanquished.

Vanquished Creatures (collateral kills)
  A hydra (Lair:2)
  A water moccasin (Lair:2)
  3 ice beasts (Lair:2)
5 creatures vanquished.

Vanquished Creatures (others)
  A worker ant (D:4)
  2 giant cockroaches (D:4)
  6 fungi
  5 plants
14 creatures vanquished.

Grand Total: 500 creatures vanquished

Notes
Turn   | Place    | Note
-------+----------+-------------------------------------------
     0 | D:1      | Fang the Gargoyle Berserker began the quest for the Orb.
     0 | D:1      | Reached XP level 1. HP: 14/14 MP: 1/1
   687 | D:1      | Reached XP level 2. HP: 13/19 MP: 2/2
   965 | D:1      | Reached XP level 3. HP: 23/23 MP: 3/3
  1038 | D:1      | Reached ** piety under Trog
  1593 | D:2      | Reached XP level 4. HP: 29/29 MP: 4/4
  1725 | D:2      | Noticed Jessica
  1734 | D:2      | Killed Jessica
  1827 | D:2      | Reached XP level 5. HP: 30/33 MP: 5/5
  2250 | D:2      | You fall through a shaft for 2 floors!
  2405 | D:4      | Reached XP level 6. HP: 31/39 MP: 6/6
  2471 | D:4      | Found a runed translucent door.
  2521 | D:4      | Noticed Fang's ghost (novice GrBe)
  2557 | D:4      | Reached *** piety under Trog
  2616 | D:4      | Killed Fang's ghost
  2616 | D:4      | Reached skill level 5 in Fighting
  2616 | D:4      | Reached XP level 7. HP: 17/44 MP: 7/7
  3048 | D:4      | Noticed Pikel
  3059 | D:4      | Killed Pikel
  3059 | D:4      | Reached skill level 5 in Axes
  3059 | D:4      | Reached skill level 5 in Armour
  3059 | D:4      | Reached XP level 8. HP: 51/51 MP: 8/8
  3501 | D:3      | Noticed Natasha
  3510 | D:3      | Killed Natasha
  3520 | D:3      | Noticed Robin
  3543 | D:3      | Killed Robin
  3858 | D:3      | Noticed Terence
  3868 | D:3      | Killed Terence
  3950 | D:3      | Noticed Natasha
  3977 | D:3      | Killed Natasha
  3981 | D:3      | Noticed Natasha
  3992 | D:3      | Killed Natasha
  4060 | D:3      | Reached **** piety under Trog
  4149 | D:3      | Paralysed by fainting for 11 turns
  4193 | D:3      | You fall through a shaft for 3 floors!
  4502 | D:6      | Reached XP level 9. HP: 49/56 MP: 9/9
  4542 | D:6      | Reached skill level 5 in Dodging
  4724 | D:6      | Noticed Prince Ribbit
  4741 | D:6      | Killed Prince Ribbit
  4905 | D:6      | Found a sacrificial altar of Ru.
  5243 | D:5      | Entered Level 5 of the Dungeon
  5402 | D:5      | Found a staircase to the Ecumenical Temple.
  5468 | Temple   | Entered the Ecumenical Temple
  6265 | D:3      | Found a runed translucent door.
  6266 | D:3      | Noticed Crazy Yiuf
  6430 | D:3      | Killed Crazy Yiuf
  6902 | D:7      | Reached XP level 10. HP: 58/64 MP: 10/10
  6968 | D:7      | Reached ***** piety under Trog
  7311 | D:8      | Found a basalt altar of Yredelemnul.
  7385 | D:8      | Noticed an elephant
  7386 | D:8      | Found a staircase to the Lair.
  7399 | D:8      | Killed an elephant
  7671 | D:8      | Received a gift from Trog
  8349 | D:9      | Reached XP level 11. HP: 54/71 MP: 7/11
  8833 | D:10     | Entered Level 10 of the Dungeon
  9235 | D:10     | Reached skill level 10 in Fighting
  9364 | D:10     | Noticed an ogre mage
  9370 | D:10     | Paralysed by an ogre mage for 7 turns
  9382 | D:10     | Killed an ogre mage
  9735 | D:11     | Noticed a cyan ugly thing
  9736 | D:11     | Noticed Nergalle
  9750 | D:11     | Killed a cyan ugly thing
  9750 | D:11     | Reached skill level 10 in Armour
  9756 | D:11     | Killed Nergalle
  9768 | D:11     | Noticed Erica
  9772 | D:11     | Received a gift from Trog
  9782 | D:11     | Killed Erica
  9946 | D:11     | Noticed a two-headed ogre
  9965 | D:11     | Killed a two-headed ogre
  9965 | D:11     | Reached XP level 12. HP: 79/79 MP: 12/12
 10069 | D:11     | Reached ****** piety under Trog
 10358 | Lair:1   | Entered Level 1 of the Lair of Beasts
 10540 | Lair:1   | Received a gift from Trog
 11213 | Lair:2   | Noticed a seven-headed hydra
 11227 | Lair:2   | Killed a nine-headed hydra
 11227 | Lair:2   | Reached skill level 10 in Axes
 11239 | Lair:2   | Found a frozen archway.
 11403 | Lair:2   | Found a staircase to the Shoals.
 11991 | Lair:3   | Found a hole to the Spider Nest.
 12008 | Lair:3   | Reached XP level 13. HP: 63/86 MP: 13/13
 12858 | Lair:4   | You fall through a shaft!
 12975 | Lair:5   | Received a gift from Trog
 13005 | Lair:5   | Got a polished battleaxe {god gift}
 13081 | Lair:5   | Identified the +3 battleaxe of Faokh {holy, rPois rC+}
                  | (Trog gifted it to you on level 5 of the Lair of Beasts)
 13381 | Lair:5   | Noticed an entropy weaver
 13415 | Lair:5   | Noticed an entropy weaver
 13421 | Lair:5   | HP: 5/130 [entropy weaver (3)]
 13422 | Lair:5   | Killed an entropy weaver
 13422 | Lair:5   | Reached skill level 10 in Dodging
 13422 | Lair:5   | Slain by a spiny frog

Skill      XL: |  1  2  3  4  5  6  7  8  9 10 11 12 13 |
---------------+----------------------------------------+-----
Axes           | 3 4 5 6 8 9 10 | 10.9
Dodging        | 2 3 4 6 7 8 9 10 | 10.0
Armour         | 3 4 5 6 7 9 10 11 12 | 12.5
Fighting       | 4 5 6 8 9 10 12 | 12.7

Action                   |  1- 3 |  4- 6 |  7- 9 | 10-12 | 13-15 || total
-------------------------+-------+-------+-------+-------+-------++-------
Melee: Hand axe          |   103 |   171 |   485 |       |       ||   759
       War axe           |       |       |    92 |   112 |       ||   204
       Broad axe         |       |       |       |   565 |   124 ||   689
       Battleaxe         |       |       |       |       |   151 ||   151
Invok: Berserk           |     1 |     3 |     4 |     4 |     4 ||    16
       Trog's Hand       |       |     2 |       |     1 |     1 ||     4
       Brothers in Arms  |       |       |       |     1 |       ||     1
  Use: Scroll            |       |       |    12 |    15 |     4 ||    31
       Potion            |       |       |       |     1 |     1 ||     2
  Eat: Chunk             |     2 |     6 |    16 |    24 |     9 ||    57
       Ration            |       |       |     4 |       |       ||     4
Armor: Animal skin       |    34 |       |       |       |       ||    34
       Chain mail        |    20 |   127 |   431 |    76 |       ||   654
       Plate armour      |       |       |       |   515 |   400 ||   915
Dodge: Dodged            |    71 |   113 |   320 |   439 |   329 ||  1272
